cohdb
Replays
Latest Replays
All Replays
Popular Replays
Top Player Replays
Match Explorer
How It Works
Community
CoH3 Stats
Reddit
Sign in to upload your games and track your stats! →
Sign in with Steam
Match 40925184
Unlisted
Match 40925184
Overview
Messages
Build Orders
End
Construct Infanterie Kompanie
MG 42 Machine Gun Team
MG 42 Machine Gun Team
Grenadier Squad
Grenadier Squad
Construct Panzergrenadier Kompanie
Selects Breakthrough Battlegroup
Selects Assault Grenadiers
251 Medium Carrier
Selects Rapid Production
251 Medium Carrier
Pak 40 Anti-tank Gun Team
Support Elements
Nebelwerfer 42 Rocket Launcher Team
Construct Panzer Kompanie
Pak 40 Anti-tank Gun Team
Selects Smoke Bombing Run
Panzer IV Medium Tank
Panzer IV Medium Tank
Pioneer Squad
dicktation
The FBI
Etchings
GodoSaurio
TattierBag912
ARchey
marcinlab
[GG]Quiq
0
0
Comments
sign in to comment!
No comments posted yet!